 Dungeon Crawl Stone Soup version 0.26.1-16-g4e020e15dc (webtiles) character file.

Game seed: 12965315014113689125

24616 Froggeryz the Fighter (level 12, -9/98 HPs)
             Began as a Mummy Fire Elementalist on Feb 10, 2023.
             Was a High Priest of Vehumet.
             Killed from afar by a blizzard demon (12 damage)
             ... with a bolt of cold
             ... in a Gauntlet on Feb 12, 2023.
             The game lasted 00:40:11 (22141 turns).

Froggeryz the Fighter (Mummy Fire Elementalist)    Turns: 22141, Time: 00:40:12

Health: -9/98      AC: 13    Str: 12    XL:     12   Next: 82%
Magic:  17/22      EV: 14    Int: 18    God:    Vehumet [*****.]
Gold:   1080       SH:  0    Dex: 13    Spells: 10/25 levels left

rFire    + . .     SeeInvis .   G - staff of fire
rCold    + . .     Faith    .   (no shield)
rNeg     + + +     Spirit   .   a - +0 robe
rPois    ∞         Reflect  .   J - +1 helmet
rElec    +         Harm     .   B - +0 cloak {Stlth+}
rCorr    .         Rampage  .   w - +1 pair of gloves
Will     ++...     NoTele   +   C - +1 pair of boots "Ochannink" {rElec rF+}
Stlth    ++........             (no amulet)
HPRegen  0.26/turn              n - +4 ring of protection
MPRegen  0.18/turn              A - ring of willpower

@: no status effects
A: no potions, fire vulnerability, cold resistance 1, negative energy resistance
3, torment resistance, unbreathing
a: Renounce Religion


You were in a Gauntlet.
You worshipped Vehumet.
Vehumet was extremely pleased with you.
You visited 3 branches of the dungeon, and saw 16 of its levels.
You also visited: Gauntlet.

You collected 1080 gold pieces.

Inventory:

Hand Weapons
 o - a +3 mace of protection
Armour
 a - a +0 robe (worn)
 p - the +2 leather armour "Deugruqo" {Int+4}
   (You found it on level 9 of the Dungeon)

   It affects your intelligence (+4).
 w - a +1 pair of gloves (worn)
 B - a +0 cloak of stealth (worn)
 C - the +1 pair of boots "Ochannink" (worn) {rElec rF+}
   (You found it on level 7 of the Dungeon)

   It protects you from fire.
   It insulates you from electricity.
 J - a +1 helmet (worn)
Magical Staves
 G - an uncursed staff of fire (weapon)
Jewellery
 d - an uncursed ring of see invisible
 g - an uncursed ring of flight
 k - an uncursed ring of stealth
 l - an uncursed ring of resist corrosion
 n - a +4 ring of protection (left hand)
 y - a +4 ring of slaying
 A - a ring of willpower (right hand)
Wands
 r - a wand of flame (14)
 E - a wand of disintegration (8)
 F - a wand of digging (15)
Scrolls
 b - 5 scrolls of fog
 e - 2 scrolls of fear
 f - 5 scrolls of enchant armour
 h - a scroll of noise
 i - 15 scrolls of remove curse
 j - 6 scrolls of magic mapping
 m - 3 scrolls of teleportation
 q - 6 scrolls of immolation
 t - 4 scrolls of enchant weapon
 v - 3 scrolls of amnesia
 D - a scroll of blinking
 H - 2 scrolls of identify
Miscellaneous
 u - a lightning rod (4/4)


   Skills:
 - Level 10.4 Fighting
 + Level 4.8 Dodging
 - Level 1.5 Stealth
 - Level 7.2 Spellcasting
 + Level 8.5 Conjurations
 + Level 2.9 Translocations
 + Level 10.3 Fire Magic
 - Level 6.2 Poison Magic


You had 10 spell levels left.
You knew the following spells:

 Your Spells              Type           Power        Failure   Level
a - Foxfire               Conj/Fire      100%         1%          1
b - Sticky Flame          Conj/Fire      57%          1%          4
c - Ignite Poison         Fire/Tmut/Pois 39%          1%          3
d - Fireball              Conj/Fire      28%          1%          5
e - Blink                 Tloc           N/A          4%          2

Your spell library contained the following spells:

 Spells                   Type           Power        Failure   Level
 Bolt of Magma            Conj/Fire/Erth 21%          6%          5
 Conjure Flame            Conj/Fire      57%          1%          3
 Inner Flame              Hex/Fire       37%          1%          3
 Apportation              Tloc           34%          3%          1
 Hailstorm                Conj/Ice       21%          5%          4
 Starburst                Conj/Fire      28%          9%          6
 Gell's Gravitas          Tloc           8%           10%         3
 Animate Skeleton         Necr           12%          11%         1
 Corona                   Hex            6%           11%         1
 Summon Small Mammal      Summ           24%          11%         1
 Irradiate                Conj/Tmut      10%          13%         5
 Animate Dead             Necr           3%           71%         4
 Borgnjor's Vile Clutch   Necr/Erth      3%           96%         5
 Death Channel            Necr           3%           100%        6
 Simulacrum               Ice/Necr       3%           100%        6
 Spider Form              Tmut/Pois      Unusable     N/A         3
 Beastly Appendage        Tmut           Unusable     N/A         1
 Wereblood                Tmut           Unusable     N/A         2
 Ice Form                 Ice/Tmut       Unusable     N/A         4
 Blade Hands              Tmut           Unusable     N/A         5

Dungeon Overview and Level Annotations

Branches:
Dungeon (11/15)            Temple (1/1) D:6            Lair (4/6) D:11
 Shoals (0/4) Lair:2          Orc (0/2) D:11        Gauntlet (1/1)
  Snake: Lair:2-4    Spider: Lair:2-4

Altars:
Ashenzari
Cheibriados
Dithmenos
Elyvilon
Fedhas
Gozag
Hepliaklqana
Kikubaaqudgha
Makhleb
Nemelex Xobeh
Okawaru
Qazlal
Ru
Sif Muna
Trog
Uskayaw
Vehumet
Wu Jian
Xom
Yredelemnul
Zin
The Shining One

Annotations:
D:4 Dowan, Duvessa
D:10 1 runed translucent door
D:11 3 runed translucent doors, Coenas's ghost, journeyman DECj Gauntlet 7 transporters, exclusion: orange crystal statue


Innate Abilities, Weirdness & Mutations

You do not drink.
Your flesh is vulnerable to fire.
You are immune to poison.
Your flesh is cold resistant. (rC+)
You are immune to negative energy. (rN+++)
You are immune to unholy pain and torment.
You can survive without breathing.


Message History

The bolt of acid hits the blizzard demon.
The blizzard demon is splashed with acid.
The acid corrodes the blizzard demon!
The blizzard demon is lightly wounded.
The now-empty wand crumbles to dust.
The ice devil closely misses you.
You don't have any such object.
Evoke which item? (* to show all) (? for menu, Esc to quit)
You don't have any such object.
Evoke which item? (* to show all) (? for menu, Esc to quit)
Okay, then.
Unknown command.
Press: ? - help, v - describe, . - travel, g - get item Item here: a pair of shimmering gloves.
The floor.
Casting: Sticky Flame (mildly dangerous; 1% risk of failure)
Confirm with . or Enter, or press ? or * to list all spells.
You blink.
The blizzard demon gestures at you. The bolt of cold hits you! You resist.
You die...

##.#...8...#.##
##≈.#..8#8..#.≈##
#≈≈.#########.≈≈#
##≈.#8..©#....≈##
##.#©...#.8..##
##≈.#8..©#....≈##
#≈≈.#########.≈≈#
##≈.##§42?.##.≈##
##.#.###@.##.##
##≈.#.#..##.#.≈##
#≈≈.##.#©.#.#.≈≈#
##≈.##..##.##.≈## ##
##.#.##^#.##.##
##≈###..##..#.#.#.≈##
#≈≈≈#...#########.≈≈#
#...#...#8..©#....≈##
....#.8.#©...#.8..##


You could see a blizzard demon (corroded) and an ice devil.

Vanquished Creatures
  Harold (D:10)
  3 hydras
  2 two-headed ogres
  A queen ant (D:11)
  An oklob plant (D:11)
  A cyclops (D:11)
  A merfolk siren (Lair:2)
  An ice statue (Gauntlet)
  An eye of devastation (Gauntlet)
  3 cane toads
  2 komodo dragons
  2 rime drakes (Gauntlet)
  A polar bear (Lair:4)
  3 hornets (Gauntlet)
  23 blink frogs
  A dream sheep (Lair:4)
  3 yaks (Lair:2)
  3 shadows (D:11)
  A wraith (D:10)
  A golden eye (Gauntlet)
  2 basilisks
  7 soldier ants (D:11)
  8 water moccasins
  2 black bears
  4 sky beasts
  4 phantoms
  2 ice beasts
  6 orc warriors
  An eye of draining (D:10)
  4 wolves
  3 ogres
  6 centaurs
  12 bullfrogs
  A gnoll sergeant (D:9)
  4 scorpions
  7 killer bees
  3 howler monkeys
  17 wights
  7 electric eels (D:11)
  A bullfrog zombie (D:9)
  3 centaur zombies
  4 hounds
  A jelly (D:6)
  Crazy Yiuf (D:7)
  7 orc priests
  4 orc wizards
  3 centaur skeletons
  2 gnoll shamans
  3 bullfrog skeletons
  33 worker ants
  5 iguanas
  Natasha (thrice) (D:2)
  A killer bee zombie (D:8)
  2 hound skeletons
  2 worker ant zombies
  Robin (D:2)
  18 gnolls
  A howler monkey skeleton (D:5)
  11 adders
  3 shadow imps
  A white imp (Gauntlet)
  An ufetubus (D:8)
  3 oozes
  2 adder skeletons
  An adder zombie (D:7)
  4 worms
  3 dart slugs
  4 leopard geckos
  37 orcs
  2 ball pythons
  6 giant cockroaches
  18 goblins
  14 hobgoblins
  7 jackals (D:6)
  5 quokkas
  7 bats
  5 frilled lizards
  A jackal skeleton (D:4)
  9 kobolds
  A quokka zombie (D:9)
  7 rats
  A butterfly (D:3)
403 creatures vanquished.

Vanquished Creatures (collateral kills)
  19 foxfires
19 creatures vanquished.

Vanquished Creatures (others)
  2 orc wizards (D:6)
  2038 foxfires
  5 fungi
  33 plants
2078 creatures vanquished.

Grand Total: 2500 creatures vanquished

Notes
Turn   | Place    | Note
-------+----------+-------------------------------------------
     0 | D:1      | Froggeryz the Mummy Fire Elementalist began the quest for
                  | the Orb.
     0 | D:1      | Reached XP level 1. HP: 13/13 MP: 4/4
   120 | D:1      | Reached skill level 1 in Conjurations
   361 | D:1      | Reached XP level 2. HP: 19/20 MP: 2/5
   457 | D:1      | Reached skill level 1 in Fighting
  1046 | D:1      | Reached XP level 3. HP: 24/26 MP: 1/7
  1677 | D:2      | Noticed Natasha
  1689 | D:2      | Killed Natasha
  1690 | D:2      | Reached XP level 4. HP: 30/33 MP: 0/8
  1815 | D:2      | Noticed Natasha
  1821 | D:2      | Killed Natasha
  2025 | D:2      | Noticed Robin
  2124 | D:1      | Reached XP level 5. HP: 28/39 MP: 4/9
  2251 | D:2      | Noticed Natasha
  2257 | D:2      | Killed Natasha
  2773 | D:2      | Killed Robin
  3012 | D:2      | Found a faded altar of an unknown god.
  3491 | D:3      | Found a shimmering altar of Xom.
  3856 | D:2      | Reached XP level 6. HP: 34/47 MP: 8/10
  4358 | D:4      | Noticed Duvessa
  4358 | D:4      | Noticed Dowan
  4971 | D:4      | Reached XP level 7. HP: 53/53 MP: 8/11
  5419 | D:4      | HP: 1/55 [worker ant (2)]
  6146 | D:5      | Entered Level 5 of the Dungeon
  6395 | D:5      | Found a hazy altar of Hepliaklqana.
  6503 | D:5      | Reached skill level 5 in Fire Magic
  6518 | D:5      | Found a glowing silver altar of Zin.
  6527 | D:5      | Reached skill level 5 in Fighting
  6527 | D:5      | Reached XP level 8. HP: 62/62 MP: 8/12
  7158 | D:6      | Found a staircase to the Ecumenical Temple.
  7212 | D:6      | Reached skill level 5 in Conjurations
  7225 | Temple   | Entered the Ecumenical Temple
  7511 | Temple   | Became a worshipper of Vehumet
  7551 | D:6      | Reached skill level 5 in Spellcasting
  7758 | D:6      | Found a sacrificial altar of Ru.
  7904 | D:6      | Reached XP level 9. HP: 62/69 MP: 10/17
  8915 | D:7      | Reached * piety under Vehumet
  8915 | D:7      | Offered knowledge of Freeze by Vehumet.
  9408 | D:7      | Got a pair of masterwork boots
  9409 | D:7      | Identified the +1 pair of boots "Ochannink" {rElec rF+}
                  | (You found it on level 7 of the Dungeon)
  9868 | D:7      | Found a runed translucent door.
  9869 | D:7      | Noticed Crazy Yiuf
  9962 | D:7      | Killed Crazy Yiuf
 10232 | D:8      | Learned a level 4 spell: Sticky Flame
 10317 | D:8      | Reached ** piety under Vehumet
 10317 | D:8      | Offered knowledge of Sandblast by Vehumet.
 10553 | D:8      | Reached XP level 10. HP: 79/79 MP: 13/20
 10964 | D:9      | Got a bloodstained leather armour
 11206 | D:9      | Noticed a two-headed ogre
 11227 | D:9      | Killed a two-headed ogre
 11492 | D:9      | Offered knowledge of Ignite Poison by Vehumet.
 11504 | D:9      | Learned a level 3 spell: Ignite Poison
 12457 | D:10     | Entered Level 10 of the Dungeon
 12465 | D:10     | Reached skill level 1 in Poison Magic
 12508 | D:10     | Reached *** piety under Vehumet
 12839 | D:10     | Noticed Harold
 12860 | D:10     | Killed Harold
 13518 | D:10     | Noticed a deep troll
 13518 | D:10     | Noticed a fire giant
 13518 | D:10     | Noticed a deep troll
 13532 | D:10     | Found a runed translucent door.
 13532 | D:10     | Noticed a frost giant
 13534 | D:10     | Identified the cursed +0 hand axe "Juaweeno" {vorpal, +Rage
                  | rPois}
 13534 | D:10     | Noticed a yaktaur captain
 13534 | D:10     | Noticed a wolf spider
 13534 | D:10     | Noticed a catoblepas
 13786 | D:11     | Found a runed translucent gate.
 13786 | D:11     | Found a runed translucent gate.
 13786 | D:11     | Found a runed translucent gate.
 13787 | D:11     | Noticed a minotaur
 13805 | D:11     | Noticed Coenas's ghost (journeyman DECj)
 14150 | D:11     | Found a staircase to the Lair.
 14150 | D:11     | Noticed an oklob plant
 14402 | D:11     | Noticed a two-headed ogre
 14417 | D:11     | Killed a two-headed ogre
 14418 | D:11     | Reached XP level 11. HP: 83/89 MP: 6/21
 15312 | D:11     | Offered knowledge of Olgreb's Toxic Radiance by Vehumet.
 15459 | D:11     | Noticed a queen ant
 15477 | D:11     | Killed a queen ant
 15958 | D:11     | Reached skill level 5 in Poison Magic
 16761 | D:11     | Killed an oklob plant
 16973 | D:11     | Reached skill level 10 in Fighting
 16979 | D:11     | Reached **** piety under Vehumet
 16984 | D:11     | HP: 2/90 [orc priest/+0 trident (7)]
 17743 | D:11     | Offered knowledge of Iskenderun's Battlesphere by Vehumet.
 17921 | D:11     | Found a staircase to the Orcish Mines.
 17992 | Lair:1   | Entered Level 1 of the Lair of Beasts
 17999 | Lair:1   | Learned a level 5 spell: Fireball
 18722 | Lair:1   | Got a twitching glass ring
 19108 | Lair:2   | Got a fading trident
 19109 | Lair:2   | Identified the +7 trident "Ytofecy" {venom, Str+2} (You
                  | found it on level 2 of the Lair of Beasts)
 19111 | Lair:2   | Identified the +2 leather armour "Deugruqo" {Int+4} (You
                  | found it on level 9 of the Dungeon)
 19112 | Lair:2   | Identified the ring "Daled" {rPois Dex+6} (You found it on
                  | level 1 of the Lair of Beasts)
 19291 | Lair:2   | Reached XP level 12. HP: 93/98 MP: 11/22
 19388 | Lair:2   | Found a staircase to the Shoals.
 19671 | Lair:2   | Noticed a six-headed hydra
 19680 | Lair:2   | Killed a six-headed hydra
 19811 | Lair:2   | Noticed a four-headed hydra
 19820 | Lair:2   | Killed a four-headed hydra
 20759 | Lair:3   | Identified the Almanac of Attacks and Translocation
 20779 | Lair:3   | Learned a level 2 spell: Blink
 20787 | Lair:3   | Noticed an eight-headed hydra
 20794 | Lair:3   | Killed an eight-headed hydra
 20795 | Lair:3   | Reached skill level 1 in Translocations
 20960 | Lair:3   | Reached skill level 10 in Fire Magic
 21295 | Lair:4   | Reached ***** piety under Vehumet
 21295 | Lair:4   | Offered knowledge of Bolt of Magma by Vehumet.
 21357 | Lair:4   | Found a gate leading to a gauntlet.
 21365 | Gauntlet | Entered a Gauntlet
 21365 | Gauntlet | Found a transporter.
 21473 | Gauntlet | Found a transporter.
 21473 | Gauntlet | Found a transporter.
 21474 | Gauntlet | Found a transporter.
 21482 | Gauntlet | Found a transporter.
 21485 | Gauntlet | Found a transporter.
 21486 | Gauntlet | Found a transporter.
 21490 | Gauntlet | Found a runed translucent door.
 21492 | Gauntlet | Found a runed translucent door.
 21494 | Gauntlet | Found a transporter.
 21497 | Gauntlet | Found a transporter.
 21498 | Gauntlet | Found a transporter.
 21506 | Gauntlet | Found a transporter.
 21506 | Gauntlet | Noticed a blizzard demon
 21509 | Gauntlet | Found a transporter.
 21510 | Gauntlet | Found a transporter.
 21518 | Gauntlet | Found a transporter.
 22139 | Gauntlet | HP: 3/98 [blizzard demon/bolt of cold (19)]
 22141 | Gauntlet | Killed from afar by a blizzard demon

Illustrated notes

Levels and vault maps discovered:
D:1:      dpeg_arrival_subterranean_lakeside_camping, layout_basic,
          minmay_misc_feat_nine_boxes, minivault_26
D:2:      layout_rooms, chequers_ecumenical_altar_twisty, minmay_misc_feat_room,
          uniq_natasha, uniq_robin
D:3:      layout_loops_ring, xom_butterflies
D:4:      layout_loops_ring, minmay_checkerbox, uniq_duvessa
D:5:      layout_cave_pools, grunt_temple_overflow_open
D:6:      minmay_spotlight, layout_rooms, overflow_temple_1_default,
          minmay_temple_entry_mini_moons, minivault_25
D:7:      layout_cave_pools, uniq_crazy_yiuf_cottage
D:8:      layout_gridville
D:9:      layout_roguey
D:10:     minmay_gate_of_8, layout_basic, uniq_harold
D:11:     wad_lake_hut, layout_basic, dpeg_oklobed_lair, david_orc_4,
          maelrawn_ghost_gauntlet_escape, zaba_antful_of_joy
Temple:   eino_narrow_crystal_temple
Lair:1:   layout_gridlike, beast_lair_carwin_1, infiniplex_staircase_pool,
          grunt_megastairs_5
Lair:2:   layout_misc_corridors, minmay_shoals_entry_lonely_mermaid,
          cheibrodos_lair_caveside_slide
Lair:3:   layout_big_grid
Lair:4:   nzn_winding_woodlands_three_and_one
          [nzn_winding_woodlands_5x15_sidewinder,
          nzn_winding_woodlands_5x15_eye, nzn_winding_woodlands_5x15_crooked,
          nzn_winding_woodlands_center_garden], layout_gridlike,
          minmay_snake_entry_guardpost_medium, gauntlet_entry_generic,
          uniq_nessos
Gauntlet: gammafunk_gauntlet_77_escape_option [minmay_gauntlet_arena_77_box,
          minmay_gauntlet_arena_77_broken_ladder,
          minmay_gauntlet_arena_77_cramped, minmay_gauntlet_arena_77_mess,
          minmay_gauntlet_arena_77_terracotta_army,
          nicolae_gauntlet_exit_dead_adventurers]

Skill      XL: |  1  2  3  4  5  6  7  8  9 10 11 12 |
---------------+-------------------------------------+-----
Conjurations   | 1 2 3 4 5 6 7 8 |  8.5
Fighting       | 1 2 3 5 6 7 9 10 | 10.4
Fire Magic     | 3 4 5 6 8 9 10 | 10.3
Spellcasting   | 3 5 7 |  7.2
Poison Magic   | 3 6 |  6.2
Dodging        | 2 4 |  4.8
Translocations | 2 |  2.9
Stealth        | |  1.5

Action                   |  1- 3 |  4- 6 |  7- 9 | 10-12 || total
-------------------------+-------+-------+-------+-------++-------
Melee: Dagger            |    12 |    40 |       |       ||    52
       Mace              |       |    61 |   131 |   105 ||   297
       Whip              |       |    73 |    80 |       ||   153
       Staff             |       |       |       |    39 ||    39
 Fire: Hunting sling     |    14 |       |       |       ||    14
 Cast: Foxfire           |    72 |   134 |   270 |   735 ||  1211
       Sticky Flame      |       |       |     3 |    51 ||    54
       Fireball          |       |       |       |     9 ||     9
       Blink             |       |       |       |     1 ||     1
Evoke: Lightning rod     |       |       |     3 |     2 ||     5
       Wand              |       |       |       |    11 ||    11
  Use: Scroll            |       |     9 |     4 |     8 ||    21
 Stab: Sleeping          |       |     2 |       |     2 ||     4
Armor: Robe              |    10 |   100 |   186 |   199 ||   495
Dodge: Dodged            |    33 |   144 |   272 |   348 ||   797
